 Dungeon Crawl Stone Soup version 0.30-a0-305-g026cb31310 (webtiles) character file.

Game seed: 15025567978963367498

16347 Ijustatesigmund the Blocker (level 12, -39/97 HPs)
             Began as a Gnoll Fighter on Oct 24, 2022.
             Was a Priest of Cheibriados.
             Annihilated by a shard shrike (shapeshifter) (60 damage)
             ... on level 10 of the Dungeon.
             The game lasted 00:27:39 (10430 turns).

Ijustatesigmund the Blocker (Gnoll Fighter)        Turns: 10430, Time: 00:27:41

Health: -39/97     AC: 17    Str: 32    XL:     12   Next: 36%
Magic:  23/23      EV: 14    Int: 20    God:    Cheibriados [***...]
Gold:   544        SH: 12    Dex: 16    Spells: 23/26 levels left

rFire   . . .      SeeInvis .    v - +5 trident of Liun {vorpal, rElec Str+4 Dex-2}
rCold   . . .      Faith    .    c - +0 kite shield
rNeg    . . .      Spirit   .    b - +0 acid dragon scales
rPois   .          Reflect  .    F - +1 helmet
rElec   +          Harm     .    A - +1 cloak
rCorr   +          Rampage  .    h - +0 pair of gloves
Will    .....                    D - +1 pair of boots
Stlth   ++++......               z - amulet of regeneration
HPRegen 1.16/turn                k - ring "Biruts" {Fly Int+3 Slay+3}
MPRegen 0.18/turn                K - ring "Ronk" {rCorr Str+2 Stlth+}

@: flying, very slow
A: fangs 1, strong nose, distributed training
a: Renounce Religion, Bend Time, Temporal Distortion


You were on level 10 of the Dungeon.
You worshipped Cheibriados.
Cheibriados was most pleased with you.
You visited 2 branches of the dungeon, and saw 12 of its levels.
You also visited: Ossuary and Ice Cave.

You collected 680 gold pieces.
You spent 136 gold pieces at shops.

Inventory:

Hand Weapons
 a - a +0 war axe of electrocution
 v - the +5 trident of Liun (weapon) {vorpal, rElec Str+4 Dex-2}
   (You found it on level 4 of the Dungeon)

   It inflicts extra damage upon your enemies.
   Str:       It affects your strength (+4).
   Dex:       It affects your dexterity (-2).
   rElec:     It insulates you from electricity.
 L - a +1 morningstar
Armour
 b - +0 acid dragon scales (worn)
 c - a +0 kite shield (worn)
 h - a +0 pair of gloves (worn)
 A - a +1 cloak (worn)
 D - a +1 pair of boots (worn)
 F - a +1 helmet (worn)
Jewellery
 e - the amulet of Lediamesu {Reflect Str+4 SH+5}
   (You took it off a death knight on level 10 of the Dungeon)

   [amulet of reflection]

   It reflects blocked missile attacks.
   Str:       It affects your strength (+4).
   SH:        It affects your SH (+5).
 k - the ring "Biruts" (left hand) {Fly Int+3 Slay+3}
   (You took it off a centaur warrior on level 10 of the Dungeon)

   [ring of flight]

   Int:       It affects your intelligence (+3).
   Slay:      It affects your accuracy & damage with ranged weapons and melee
   (+3).
   Fly:       It grants you flight.
 n - a ring of positive energy
 o - a ring of wizardry
 z - an amulet of regeneration (around neck)
 C - a ring of poison resistance
 K - the ring "Ronk" (right hand) {rCorr Str+2 Stlth+}
   (You found it on level 10 of the Dungeon)

   [ring of resist corrosion]

   Str:       It affects your strength (+2).
   rCorr:     It protects you from acid and corrosion.
   Stlth:     It makes you more stealthy.
Wands
 q - a wand of light (1)
 r - a wand of mindburst (2)
 y - a wand of polymorph (9)
Scrolls
 j - a scroll of fear
 m - 2 scrolls of poison
 H - a scroll of magic mapping
Potions
 d - a potion of might
 f - 3 potions of lignification
 g - 2 potions of flight
 i - 2 potions of ambrosia
 l - 4 potions of brilliance
 p - a potion of cancellation
 s - 5 potions of attraction
 t - 3 potions of haste
 u - a potion of resistance
 w - 2 potions of mutation
 x - a potion of curing
 G - a potion of magic
 I - a potion of invisibility


   Skills:
 + Level 10.0 Fighting
 + Level 7.5 Short Blades
 + Level 7.5 Long Blades
 + Level 8.9 Axes
 + Level 7.5 Maces & Flails
 + Level 7.5 Polearms
 + Level 7.5 Staves
 + Level 7.5 Ranged Weapons
 + Level 7.5 Throwing
 + Level 10.0 Armour
 + Level 7.5 Dodging
 + Level 7.5 Stealth
 + Level 10.0 Shields
 + Level 7.5 Unarmed Combat
 + Level 7.5 Spellcasting
 + Level 6.2 Conjurations
 + Level 6.2 Hexes
 + Level 6.2 Summonings
 + Level 6.2 Necromancy
 + Level 6.2 Translocations
 + Level 6.2 Transmutations
 + Level 6.2 Fire Magic
 + Level 6.2 Ice Magic
 + Level 6.2 Air Magic
 + Level 6.2 Earth Magic
 + Level 6.2 Poison Magic
 + Level 8.2 Invocations
 + Level 7.5 Evocations


You had 23 spell levels left.
You knew the following spells:

 Your Spells              Type           Power      Damage    Failure   Level
a - Poisonous Vapours     Pois/Air       64%        N/A       2%          2
b - Apportation           Tloc           64%        N/A       1%          1

Your spell library contained the following spells:

 Spells                   Type           Power      Damage    Failure   Level
 Necrotise                Necr           100%       1d9       1%          1
 Sting                    Tmut/Pois      100%       1d8       1%          1
 Summon Small Mammal      Summ           100%       N/A       1%          1
 Sublimation of Blood     Necr           32%        N/A       2%          2
 Call Canine Familiar     Summ           32%        N/A       5%          3
 Dazzling Flash           Conj/Hex       64%        N/A       5%          3
 Gell's Gravitas          Tloc           32%        N/A       5%          3
 Inner Flame              Hex/Fire       32%        N/A       5%          3
 Summon Guardian Golem    Hex/Summ       32%        N/A       5%          3
 Teleport Other           Tloc           32%        N/A       5%          3
 Cause Fear               Hex            16%        N/A       17%         4
 Olgreb's Toxic Radiance  Pois           32%        N/A       17%         4
 Petrify                  Tmut/Erth      32%        N/A       17%         4
 Agony                    Necr           32%        N/A       43%         5
 Irradiate                Conj/Tmut      16%        3d17      43%         5
 Silence                  Hex/Air        16%        N/A       43%         5
 Dispersal                Tloc           16%        N/A       95%         6
 Discord                  Hex            16%        N/A       100%        8


Dungeon Overview and Level Annotations

Branches:
Dungeon (11/15)            Temple (1/1) D:7            Lair (0/5) D:8
Ossuary (visited)           IceCv (visited)
    Orc: D:9-12

Altars:
Ashenzari
Cheibriados
Dithmenos
Elyvilon
Fedhas
Gozag
Hepliaklqana
Kikubaaqudgha
Makhleb
Nemelex Xobeh
Okawaru
Qazlal
Ru
Sif Muna
Trog
Uskayaw
Vehumet
Wu Jian
Xom
Yredelemnul
Zin
The Shining One

Shops:
D:3 *   D:7 [

Annotations:
D:10 1 transporter, ouz's ghost, journeyman KoBr


Innate Abilities, Weirdness & Mutations

You have very sharp teeth.
Your uncanny sense of smell can sniff out nearby items.
Your experience applies equally to all skills.


Message History

Your yak dissolves into shadows!
HP restored.
You swap places.
You now have 544 gold pieces (gained 11).
You see here 7 stones.
i - 2 fuming sapphire potions
As you read the scroll of identify, it crumbles to dust.
i - 2 potions of ambrosia Your orc wizard dissolves into shadows!
Your troll dissolves into shadows!
You see here a +2 scimitar of flaming.
A caustic shrike comes into view.
The caustic shrike changes into a shard shrike!
The shard shrike screeches!
You block the shard shrike's attack.
You puncture the shard shrike!
The shard shrike is lightly wounded.
The shard shrike claws you but does no damage.
You reach to attack!
You barely miss the shard shrike.
The shard shrike is lightly wounded.
The shard shrike spits a shard of ice at you.
The shard of ice hits you!!
You reach to attack!
You miss the shard shrike.
The shard shrike is lightly wounded.
The shard shrike spits a shard of ice at you.
The shard of ice hits you!!!
* * * LOW HITPOINT WARNING * * *
You are too injured to fight recklessly!
You are too injured to fight recklessly!
You are too injured to fight recklessly!
You are too injured to fight recklessly!
You are too injured to fight recklessly!
Okay, then.
You feel better.
The shard shrike claws you but does no damage.
The shard shrike claws you.
* * * LOW HITPOINT WARNING * * *
The shard shrike freezes you!!!
Ouch! That really hurt!
You die...

.........#.#(#.#†#.##.##.c..
........§#.......(.##.#...##
#####.#...#########.#.#.###
#.#.............)...#
#.##...####..###...## .
#...^.....# ##.######
.....##...# ##....... ∆
...####.#.####......##
####.@.##...##.####.#
......b).#....##.####.##
B.#.....#..#..#.##.##.)>.. ∆
#○.#####..##............##
#..## #..#..##..#......#
#... #..#...†..#####.###
#oh# ##..#......##.......
##YD##.##..##.)#..##.##.###
#c)#.B...#. #..#........#


You could see a shard shrike shaped shifter.

Vanquished Creatures
  A hydra (D:10)
  3 centaur warriors
  A boulder beetle (D:10)
  A death knight (D:10)
  2 two-headed ogres
  Pikel (D:7)
  An orc knight (D:10)
  An ugly thing (IceCv)
  A cyclops (D:11)
  Maggie (D:7)
  An unseen horror (D:10)
  2 efreet
  A komodo dragon (D:11)
  4 trolls
  2 shadows (D:10)
  3 wraiths
  9 yaks (D:10)
  3 wyverns
  2 steam dragons
  Menkaure (D:5)
  A hydra simulacrum (IceCv)
  An acid dragon (D:9)
  A water moccasin (D:6)
  2 sky beasts
  2 orc warriors (D:10)
  5 black bears
  2 ogres (D:6)
  5 centaurs
  A phantom (D:4)
  A lemure (D:7)
  A kobold brigand (D:7)
  A bullfrog (D:6)
  7 scorpions
  3 necrophages (D:6)
  2 cane toad simulacra (IceCv)
  5 wights (D:6)
  5 killer bees
  3 howler monkeys
  A jelly (D:8)
  9 orc priests
  5 hounds
  Crazy Yiuf (D:5)
  8 iguanas
  7 orc wizards
  3 wolf simulacra (IceCv)
  3 mummies (Ossuary)
  5 adders
  2 shadow imps
  2 white imps
  An ufetubus (D:4)
  2 worms (D:2)
  4 dart slugs
  42 orcs
  3 endoplasms
  4 giant cockroaches
  A gnoll zombie (Ossuary)
  11 goblins
  5 hobgoblins
  3 jackals (D:2)
  7 kobolds
  3 quokkas
  8 ball pythons
  7 bats
  3 frilled lizards (D:3)
  6 goblin zombies (Ossuary)
  A hobgoblin zombie (Ossuary)
  5 kobold zombies (Ossuary)
  5 rats
256 creatures vanquished.

Vanquished Creatures (collateral kills)
  A cyclops (D:10)
  A tyrant leech (D:10)
  A vampire (D:10)
  A yak (D:10)
4 creatures vanquished.

Vanquished Creatures (others)
  A killer bee (D:10)
1 creature vanquished.

Grand Total: 261 creatures vanquished

Notes
Turn   | Place    | Note
-------+----------+-------------------------------------------
     0 | D:1      | Ijustatesigmund the Gnoll Fighter began the quest for the
                  | Orb.
     0 | D:1      | Reached XP level 1. HP: 23/23 MP: 1/1
    57 | D:1      | Reached XP level 2. HP: 29/29 MP: 2/2
  1006 | D:2      | Reached XP level 3. HP: 35/35 MP: 3/3
  1065 | D:2      | Reached skill level 1 in Invocations
  1382 | D:2      | Reached skill level 1 in Short Blades
  1382 | D:2      | Reached skill level 1 in Long Blades
  1382 | D:2      | Reached skill level 1 in Maces & Flails
  1382 | D:2      | Reached skill level 1 in Polearms
  1382 | D:2      | Reached skill level 1 in Staves
  1382 | D:2      | Reached skill level 1 in Ranged Weapons
  1382 | D:2      | Reached skill level 1 in Throwing
  1382 | D:2      | Reached skill level 1 in Dodging
  1382 | D:2      | Reached skill level 1 in Stealth
  1382 | D:2      | Reached skill level 1 in Unarmed Combat
  1382 | D:2      | Reached skill level 1 in Spellcasting
  1382 | D:2      | Reached skill level 1 in Evocations
  1617 | D:3      | Reached XP level 4. HP: 41/41 MP: 5/5
  1706 | D:3      | Noticed a scorpion
  1710 | D:3      | Killed a scorpion
  1711 | D:3      | Reached skill level 1 in Conjurations
  1711 | D:3      | Reached skill level 1 in Hexes
  1711 | D:3      | Reached skill level 1 in Summonings
  1711 | D:3      | Reached skill level 1 in Necromancy
  1711 | D:3      | Reached skill level 1 in Translocations
  1711 | D:3      | Reached skill level 1 in Transmutations
  1711 | D:3      | Reached skill level 1 in Fire Magic
  1711 | D:3      | Reached skill level 1 in Ice Magic
  1711 | D:3      | Reached skill level 1 in Air Magic
  1711 | D:3      | Reached skill level 1 in Earth Magic
  1711 | D:3      | Reached skill level 1 in Poison Magic
  1711 | D:3      | Reached XP level 5. HP: 47/47 MP: 5/7
  1873 | D:3      | Found Leofruedd's Assorted Antiques.
  1876 | D:3      | Bought 2 coppery potions for 43 gold pieces
  1876 | D:3      | Bought an orange potion for 21 gold pieces
  2104 | D:3      | Reached XP level 6. HP: 30/53 MP: 8/8
  2312 | D:4      | Noticed a black bear
  2317 | D:4      | Killed a black bear
  2318 | D:4      | Reached skill level 5 in Axes
  2324 | D:4      | Identified the +5 trident of Liun {vorpal, rElec Str+4
                  | Dex-2}
  2582 | D:4      | Found the +8 trident of the Octopus King {venom, rElec
                  | rPois}
  2657 | D:4      | Reached XP level 7. HP: 60/60 MP: 10/10
  2706 | D:4      | Found a glowing golden altar of the Shining One.
  2710 | D:4      | Found an ancient bone altar of Kikubaaqudgha.
  2712 | D:4      | Found an ornate altar of the Wu Jian Council.
  2775 | D:5      | Entered Level 5 of the Dungeon
  3754 | D:5      | Reached XP level 8. HP: 67/67 MP: 12/12
  3755 | D:5      | Noticed Menkaure
  3761 | D:5      | Killed Menkaure
  4323 | D:5      | Found a glowing silver altar of Zin.
  4440 | D:5      | Found a runed translucent door.
  4440 | D:5      | Noticed Crazy Yiuf
  4446 | D:5      | Killed Crazy Yiuf
  4563 | D:6      | Found a sand-covered staircase.
  4570 | Ossuary  | Entered an ossuary
  4570 | Ossuary  | Noticed a wraith
  4570 | Ossuary  | Noticed a wraith
  4570 | Ossuary  | Noticed a wraith
  4982 | Ossuary  | Noticed a wraith
  4992 | Ossuary  | Killed a wraith
  5234 | D:6      | Reached XP level 9. HP: 71/73 MP: 14/14
  5317 | D:7      | Noticed Maggie
  5660 | D:6      | Reached skill level 5 in Invocations
  5890 | D:7      | Killed Maggie
  5928 | D:7      | Learned a level 2 spell: Poisonous Vapours
  5961 | D:7      | Noticed Pikel
  5977 | D:7      | Killed Pikel
  5978 | D:7      | Reached skill level 5 in Short Blades
  5978 | D:7      | Reached skill level 5 in Long Blades
  5978 | D:7      | Reached skill level 5 in Maces & Flails
  5978 | D:7      | Reached skill level 5 in Polearms
  5978 | D:7      | Reached skill level 5 in Staves
  5978 | D:7      | Reached skill level 5 in Ranged Weapons
  5978 | D:7      | Reached skill level 5 in Throwing
  5978 | D:7      | Reached skill level 5 in Dodging
  5978 | D:7      | Reached skill level 5 in Stealth
  5978 | D:7      | Reached skill level 5 in Unarmed Combat
  5978 | D:7      | Reached skill level 5 in Spellcasting
  5978 | D:7      | Reached skill level 5 in Evocations
  5978 | D:7      | Reached XP level 10. HP: 80/81 MP: 15/17
  6325 | D:7      | Found a staircase to the Ecumenical Temple.
  6334 | Temple   | Entered the Ecumenical Temple
  6511 | Temple   | Became a worshipper of Cheibriados the Contemplative
  6593 | D:7      | Found a hazy altar of Hepliaklqana.
  6859 | D:7      | Found Amoidwae's Armour Boutique.
  6871 | D:7      | Bought a +0 kite shield for 72 gold pieces
  7239 | D:8      | Reached * piety under Cheibriados
  7270 | D:8      | Noticed a two-headed ogre
  7281 | D:8      | Killed a two-headed ogre
  7626 | D:8      | Found a staircase to the Lair.
  8482 | D:10     | Entered Level 10 of the Dungeon
  8550 | D:10     | Found a transporter.
  8550 | D:10     | Noticed ouz's ghost (journeyman KoBr)
  8554 | D:10     | Noticed an ice dragon
  8554 | D:10     | Noticed a moth of wrath
  8676 | D:10     | Reached skill level 5 in Conjurations
  8676 | D:10     | Reached skill level 5 in Hexes
  8676 | D:10     | Reached skill level 5 in Summonings
  8676 | D:10     | Reached skill level 5 in Necromancy
  8676 | D:10     | Reached skill level 5 in Translocations
  8676 | D:10     | Reached skill level 5 in Transmutations
  8676 | D:10     | Reached skill level 5 in Fire Magic
  8676 | D:10     | Reached skill level 5 in Ice Magic
  8676 | D:10     | Reached skill level 5 in Air Magic
  8676 | D:10     | Reached skill level 5 in Earth Magic
  8676 | D:10     | Reached skill level 5 in Poison Magic
  8676 | D:10     | Reached XP level 11. HP: 75/89 MP: 20/20
  8722 | D:10     | Noticed a centaur warrior
  8726 | D:10     | Noticed an orc knight
  8727 | D:10     | Noticed an eight-headed hydra
  8729 | D:10     | Noticed a boulder beetle
  8743 | D:10     | Killed an orc knight
  8748 | D:10     | Reached ** piety under Cheibriados
  8827 | D:10     | Noticed a two-headed ogre
  8833 | D:10     | Killed a two-headed ogre
  9054 | D:10     | Noticed a centaur warrior
  9054 | D:10     | Identified the ring "Ismizub" {Ice Slay+2}
  9073 | D:11     | Killed a centaur warrior
  9188 | D:11     | Found a frozen archway.
  9194 | IceCv    | Entered an ice cave
  9233 | IceCv    | Noticed a white ugly thing
  9245 | IceCv    | Killed a white ugly thing
  9517 | D:10     | Noticed a green ugly thing
  9519 | D:10     | Noticed a boulder beetle
  9554 | D:11     | Noticed a cyclops
  9567 | D:11     | Killed a cyclops
  9586 | D:11     | Reached *** piety under Cheibriados
  9637 | D:10     | Killed an eight-headed hydra
  9695 | D:10     | Killed a boulder beetle
  9696 | D:10     | Reached XP level 12. HP: 64/97 MP: 22/22
  9730 | D:10     | Identified the ring "Biruts" {Fly Int+3 Slay+3}
  9730 | D:10     | Noticed a centaur warrior
  9751 | D:10     | Killed a centaur warrior
  9794 | D:10     | Learned a level 1 spell: Apportation
 10008 | D:10     | Killed a centaur warrior
 10042 | D:10     | a boulder beetle changed into a tyrant leech
 10175 | D:10     | Noticed a shadow dragon
 10219 | D:10     | Identified the amulet of Lediamesu {Reflect Str+4 SH+5}
 10219 | D:10     | Noticed a death knight
 10230 | D:10     | Killed a death knight
 10231 | D:10     | Reached skill level 10 in Fighting
 10231 | D:10     | Reached skill level 10 in Armour
 10231 | D:10     | Reached skill level 10 in Shields
 10294 | D:10     | Identified the ring "Ronk" {rCorr Str+2 Stlth+}
 10424 | D:10     | Noticed a caustic shrike
 10425 | D:10     | a caustic shrike changed into a shard shrike
 10425 | D:10     | Noticed a shard shrike (shapeshifter)
 10430 | D:10     | Annihilated by a shard shrike (shapeshifter)

Illustrated notes

Levels and vault maps discovered:
D:1:      reono_arrival_forest_river, layout_basic, st_stairs_12
D:2:      layout_basic, minmay_pentomino_o4
D:3:      layout_rooms, serial_shops, nicolae_shop_behind_doors
D:4:      layout_cave_pools, grunt_temple_overflow_diamond
D:5:      layout_rooms, kennysheep_little_box, uniq_menkaure,
          uniq_crazy_yiuf_cottage
D:6:      layout_basic, lightli_ossuary_entry_decrepit_ruins,
          wad_rectangle_vault
D:7:      layout_basic, nzn_hepliaklqana_mist_gate,
          minmay_temple_entry_offerings, serial_shops, shop, uniq_pikel,
          uniq_maggie
D:8:      layout_basic, dpeg_oklobed_lair
D:9:      layout_big_octagon, hangedman_abyss_or_decor_stagger
D:10:     minmay_the_grid_triangle_9x9_rhombus_thin
          [minmay_the_grid_triangle_9x9_checkered,
          minmay_the_grid_triangle_9x9_prize_special,
          minmay_the_grid_triangle_9x9_sparse_checkered,
          minmay_the_grid_triangle_9x9_zippers_horizontal], layout_loops_cross,
          gammafunk_ghost_berserking_beasts, minmay_pinched_square
D:11:     layout_loops_corners, portal_ice_cave_entry_pillars_2,
          wad_floor_pattern_2, uniq_urug
Temple:   nicolae_temple_bog_church

Skill      XL: |  1  2  3  4  5  6  7  8  9 10 11 12 |
---------------+-------------------------------------+-----
Invocations    | 1 2 3 4 5 6 7 8 |  8.2
Short Blades   | 1 2 3 5 6 7 |  7.5
Long Blades    | 1 2 3 5 6 7 |  7.5
Maces & Flails | 1 2 3 5 6 7 |  7.5
Polearms       | 1 2 3 5 6 7 |  7.5
Staves         | 1 2 3 5 6 7 |  7.5
Ranged Weapons | 1 2 3 5 6 7 |  7.5
Throwing       | 1 2 3 5 6 7 |  7.5
Dodging        | 1 2 3 5 6 7 |  7.5
Stealth        | 1 2 3 5 6 7 |  7.5
Unarmed Combat | 1 2 3 5 6 7 |  7.5
Spellcasting   | 1 2 3 5 6 7 |  7.5
Evocations     | 1 2 3 5 6 7 |  7.5
Conjurations   | 1 2 3 4 5 6 |  6.2
Hexes          | 1 2 3 4 5 6 |  6.2
Summonings     | 1 2 3 4 5 6 |  6.2
Necromancy     | 1 2 3 4 5 6 |  6.2
Translocations | 1 2 3 4 5 6 |  6.2
Transmutations | 1 2 3 4 5 6 |  6.2
Fire Magic     | 1 2 3 4 5 6 |  6.2
Ice Magic      | 1 2 3 4 5 6 |  6.2
Air Magic      | 1 2 3 4 5 6 |  6.2
Earth Magic    | 1 2 3 4 5 6 |  6.2
Poison Magic   | 1 2 3 4 5 6 |  6.2
Axes           | 5 6 7 8 |  8.9
Fighting       | 7 8 9 10 | 10.0
Armour         | 7 8 9 10 | 10.0
Shields        | 7 8 9 10 | 10.0

Action                   |  1- 3 |  4- 6 |  7- 9 | 10-12 || total
-------------------------+-------+-------+-------+-------++-------
Melee: War axe           |    81 |    56 |       |       ||   137
       Bite              |     7 |     5 |    18 |    68 ||    98
       Trident           |       |    34 |   245 |   443 ||   722
 Cast: Poisonous Vapours |       |       |     2 |    12 ||    14
Invok: Bend Time         |       |       |       |     1 ||     1
Evoke: Wand              |       |     3 |     7 |    13 ||    23
  Use: Scroll            |     4 |     1 |    12 |    17 ||    34
       Potion            |       |       |     2 |    13 ||    15
 Stab: Invisible         |       |     1 |       |     1 ||     2
       Sleeping          |       |       |     1 |     9 ||    10
       Distracted        |       |       |       |     6 ||     6
Armor: Scale mail        |    34 |    36 |       |       ||    70
       Chain mail        |       |    19 |   106 |       ||   125
       Skin              |       |       |     2 |       ||     2
       Acid dragon scale |       |       |     3 |   213 ||   216
Dodge: Dodged            |    35 |    43 |    96 |   244 ||   418
Block: Buckler           |    17 |    35 |    60 |     8 ||   120
       Kite shield       |       |       |       |   279 ||   279

Table legend: (Time is in decaauts)
 A = Elapsed time spent in this place.
 B = Non-inter-level travel time spent in this place.
 C = Inter-level travel time spent in this place.
 D = Time resting spent in this place.
 E = Time spent auto-exploring this place.
 F = Levels seen in this place.
 G = Mean time per level.
                   A        B        C        D        E       F      G
               +--------+--------+--------+--------+--------+-----+--------+
         Total |  11646 |  11272 |    374 |   2081 |   6650 |  14 |  831.9 |
       Dungeon |  10656 |  10307 |    349 |   1874 |   6233 |  11 |  968.7 |
        Temple |    193 |    168 |     25 |      0 |    152 |   1 |  193.0 |
       Ossuary |    646 |    646 |      0 |    183 |    251 |   1 |  646.0 |
      Ice Cave |    151 |    151 |      0 |     24 |     13 |   1 |  151.0 |
               +--------+--------+--------+--------+--------+-----+--------+

Top non-repeatable levels by time:
    D:10: 1743 daAuts
     D:4: 1584 daAuts
     D:7: 1207 daAuts
     D:8: 1201 daAuts
     D:1: 972 daAuts
     D:3: 771 daAuts
     D:6: 756 daAuts
 Ossuary: 646 daAuts
     D:2: 642 daAuts
     D:9: 636 daAuts
     D:5: 626 daAuts
    D:11: 514 daAuts
  Temple: 193 daAuts
   IceCv: 151 daAuts
